 Dungeon Sprint DCSS version 0.21.1-1-g345015f (webtiles) character file.

278406 raistware the Conqueror (level 18, -6/236 HPs)
             Began as an Ogre Fighter on June 16, 2018.
             Was the Champion of the Shining One.
             Killed from afar by an electric golem (26 damage)
             ... with a bolt of lightning
             ... in the Dungeon (Sprint IX: "|||||||||||||||||||||||||||||").
             The game lasted 01:12:05 (7485 turns).

raistware the Conqueror (Ogre Fighter)              Turns: 7485, Time: 01:12:06

Health: -6/236     AC: 11    Str: 31    XL:     18   Next: 71%
Magic:  17/32      EV: 25    Int:  9    God:    the Shining One [******]
Gold:   1597       SH: 29    Dex:  8    Spells: 17/17 levels left

rFire    + + +     SeeInvis .   k - +4 eudemon blade (holy)
rCold    + + .     Gourm    .   V - +8 large shield {rC+ rF+}
rNeg     + + +     Faith    .   N - +4 robe {rC+ rF+}
rPois    .         Spirit   .   (helmet restricted)
rElec    .         Reflect  .   y - +1 cloak
rCorr    .         Harm     .   (gloves unavailable)
MR       +....     NoTele   +   (boots unavailable)
Stlth    +.........             z - amulet of regeneration
HPRegen  0.89/turn              x - ring of protection from fire
MPRegen  0.23/turn              F - +4 ring of evasion

@: glowing
A: large, unfitting armour, tough skin 1
}: 5/15 runes: decaying, serpentine, barnacled, silver, gossamer
a: Divine Shield, Cleansing Flame, Summon Divine Warrior, Renounce Religion


You were in the Dungeon.
You worshipped the Shining One.
The Shining One was exalted by your worship.
You were not hungry.

You visited 1 branch You collected 1960 gold pieces.
You spent 363 gold pieces at shops.

Inventory:

Hand Weapons
 k - a +4 eudemon blade of holy wrath (weapon)
 o - a +2 morningstar of freezing
 A - a +4 giant spiked club of holy wrath
Missiles
 D - 26 javelins of returning (quivered)
Armour
 y - a +1 cloak (worn)
 B - a +1 troll leather armour
 C - a +2 robe of magic resistance
 N - a +4 robe of resistance (worn)
 V - a +8 large shield of resistance (worn)
Jewellery
 x - a ring of protection from fire (left hand)
 z - an amulet of regeneration (around neck)
 F - a +4 ring of evasion (right hand)
 G - a +6 ring of dexterity
 H - a +6 ring of strength
 P - an uncursed amulet of rage
 T - a +3 ring of slaying
 U - the ring of Kigrit {rElec rPois MR- Str+3 Dex+4}
   (You found it in the Dungeon)

   [ring of poison resistance]

   It affects your strength (+3).
   It affects your dexterity (+4).
   It insulates you from electricity.
   It protects you from poison.
   It affects your resistance to hostile enchantments.
Wands
 n - a wand of iceblast (4)
Scrolls
 h - 5 scrolls of identify
 j - 9 scrolls of remove curse
 l - 3 scrolls of enchant armour
 m - 2 scrolls of amnesia
 q - 3 scrolls of fear
 E - a scroll of magic mapping
 L - a scroll of blinking
 M - 3 scrolls of fog
Potions
 d - 5 potions of might
 e - 4 potions of heal wounds
 g - 9 potions of curing
 i - 3 potions of magic
 t - 2 potions of agility
 u - a potion of brilliance
 v - 2 potions of lignification
 J - 2 potions of mutation
 W - 3 potions of haste
Comestibles
 f - 8 rations


   Skills:
 O Level 27 Fighting
 - Level 12.0 Long Blades
 - Level 22.0 Maces & Flails
 + Level 20.6 Armour
 * Level 26.3 Dodging
 + Level 15.3 Shields
 + Level 20.0 Invocations
 + Level 13.7 Evocations


You had 17 spell levels left.
You didn't know any spells.

Dungeon Overview and Level Annotations

Branches:
Dungeon (1/1)

Altars:
Cheibriados
Dithmenos
Elyvilon
Fedhas
Gozag
Hepliaklqana
Kikubaaqudgha
Makhleb
Nemelex Xobeh
Okawaru
Qazlal
Ru
Sif Muna
Trog
Uskayaw
Vehumet
Wu Jian
Xom
Yredelemnul
Zin
The Shining One
Beogh
Jiyva
Lugonu

Shops:
D (*!(


Innate Abilities, Weirdness & Mutations

You are too large for most types of armour.
You have tough skin. (AC +1)


Message History

Your angel hits the curse toe with a whip of holy wrath!
The curse toe convulses.
Your angel hits the curse toe with a whip of holy wrath!
The curse toe convulses.
Your angel hits the curse toe but does no damage.
The electric golem hurls lightning at you.
The bolt of lightning hits you!
* * * LOW HITPOINT WARNING * * *
You slice the electric golem!!
The electric golem is lightly damaged.
The electric golem crackles and sizzles.
The electric golem hurls lightning at you.
The bolt of lightning hits the curse toe.
The curse toe resists.
The bolt of lightning hits your angel.
Your angel resists.
The bolt of lightning hits your angel.
Your angel resists.
The bolt of lightning hits the electric golem.
The electric golem completely resists.
The bolt of lightning hits you!
You die...

,,,,,,+,,,,,,,,,+,,,,,,,,,,+,,,,,
*********************************
,,,,,,,,,,,,,,,,,,,,,,,,,,,,,,,,,
*********************************
,,,+,,,,,,,,,,,,,,+,,,,,,,,,,,+,,
*********************************
,,,,,,,,,,,,,,,,,,,,,,,,,,,,,,,,,
****▓▓▓▓▓▓▓▓▓▓▓▓▓▓▓▓▓▓▓▓▓▓▓▓▓▓▓▓▓
,,,,d88z§8zAA[†8@.......)'=......
▓▓▓▓▓▓▓▓▓▓▓▓▓▓▓▓▓▓▓▓▓▓▓▓▓▓▓▓▓▓▓▓▓
.................................
▓▓▓▓▓▓▓▓▓▓▓▓▓▓▓▓▓▓▓▓▓▓▓▓▓▓▓▓▓▓▓▓▓
.)).)...)..'..)).)[)%........[)))
▓▓▓▓▓▓▓▓▓▓▓▓▓▓▓▓▓▓▓▓▓▓▓▓▓▓▓▓▓▓▓▓▓
...........................[.....
▓▓▓▓▓▓▓▓▓▓▓▓▓▓▓▓▓▓▓▓▓▓▓▓▓▓▓▓▓▓▓▓▓
..........[[[[[[...))))))).......


You could see 2 electric golems, a curse toe and 2 friendly angels.

Vanquished Creatures
  An orb of fire (D)
  An ancient lich (D)
  Mara (D)
  Mennas (D)
  Boris (D)
  Frederick (D)
  A curse toe (D)
  Xtahua (D)
  2 golden dragons (D)
  Nikola (D)
  An electric golem (D)
  2 tentacled monstrosities (D)
  9 Orb Guardians (D)
  A quicksilver dragon (D)
  A draconian monk (D)
  2 storm dragons (D)
  A nagaraja (D)
  2 fire giants (D)
  A draconian scorcher (D)
  A draconian knight (D)
  3 emperor scorpions (D)
  A draconian annihilator (D)
  2 draconian stormcallers (D)
  2 stone giants (D)
  3 red draconians (D)
  3 white draconians (D)
  A yellow draconian (D)
  2 black draconians (D)
  An ettin (D)
  Snorg (D)
  A yaktaur captain (D)
  Josephine (D)
  2 fire dragons (D)
  12 vault guards (D)
  Erolcha (D)
  Harold (D)
  A naga warrior (D)
  6 hydras (D)
  A catoblepas (D)
  2 alligators (D)
  2 centaur warriors (D)
  A merfolk aquamancer (D)
  A deep troll earth mage (D)
  An ogre mage (D)
  A vampire mage (D)
  A tengu warrior (D)
  2 shock serpents (D)
  A hell knight (D)
  5 swamp dragons (D)
  A deep elf archer (D)
  An ironbrand convoker (D)
  A necromancer (D)
  A faun (shapeshifter) (D)
  2 wolf spiders (D)
  3 guardian serpents (D)
  6 moths of wrath (D)
  2 naga magi (D)
  3 demonic crawlers (D)
  7 jumping spiders (D)
  A blink frog (D)
  A slime creature (D)
  2 hippogriffs (D)
  A yak (D)
  4 wraiths (D)
  A fire elemental (D)
  A hungry ghost (D)
  An acid dragon (D)
  2 nagas (D)
  2 porcupines (D)
  11 orc warriors (D)
  A black bear (D)
  A wight (D)
  A crimson imp (D)
  2 orc priests (D)
  An orc wizard (D)
  An adder (D)
  4 orcs (D)
  A bat (D)
  A bat skeleton (D)
  A bat zombie (D)
  A giant cockroach (D)
  A hobgoblin (D)
  2 quokkas (D)
  A ball python skeleton (D)
  A frilled lizard (D)
  A kobold (D)
  A leopard gecko zombie (D)
170 creatures vanquished.

Vanquished Creatures (collateral kills)
  Sojobo (D)
  Margery (D)
  A curse toe (D)
  A Killer Klown (D)
  A golden dragon (D)
  5 Orb Guardians (D)
  A lich (D)
  A tentacled monstrosity (D)
  A titan (D)
  A sphinx (D)
  2 tengu reavers (D)
  6 shadow dragons (D)
  2 storm dragons (D)
  A thorn hunter (D)
  A draconian monk (D)
  Donald (D)
  Ilsuiw (D)
  2 fire giants (D)
  3 frost giants (D)
  5 nagarajas (D)
  A draconian shifter (D)
  A vault warden (D)
  Aizul (D)
  A ghost moth (D)
  A draconian scorcher (D)
  3 ironheart preservers (D)
  A draconian annihilator (D)
  A very ugly thing (D)
  9 stone giants (D)
  Azrael (D)
  2 white draconians (D)
  2 red draconians (D)
  A purple draconian (D)
  2 ettins (D)
  6 merfolk javelineers (D)
  3 merfolk impalers (D)
  A great orb of eyes (D)
  5 fire dragons (D)
  5 yaktaur captains (D)
  A rakshasa (D)
  13 vault guards (D)
  A naga warrior (D)
  2 hydras (D)
  An ice dragon (D)
  2 ogre magi (D)
  An alligator (D)
  A centaur warrior (D)
  3 merfolk aquamancers (D)
  A two-headed ogre (D)
  3 tengu warriors (D)
  3 death knights (D)
  An alligator snapping turtle (D)
  A deep troll shaman (D)
  5 death yaks (D)
  8 orc high priests (D)
  2 naga sharpshooters (D)
  4 hell knights (D)
  A shadow wraith (D)
  A sea snake (D)
  An unseen horror (D)
  A shambling mangrove (D)
  A skeletal warrior (D)
  A flayed ghost (D)
  An ironbrand convoker (D)
  A harpy (shapeshifter) (D)
  4 orc knights (D)
  An orb spider (D)
  A necromancer (D)
  A harpy (D)
  A mana viper (shapeshifter) (D)
  A wolf spider (D)
  An ugly thing (D)
  3 moths of wrath (D)
  A manticore (D)
  An elephant (D)
  4 black mambas (D)
  A merfolk siren (D)
  A guardian serpent (D)
  2 vault sentinels (D)
  A yaktaur (D)
  2 freezing wraiths (D)
  2 spiny frogs (D)
  A rime drake (D)
  A merfolk (D)
  A jumping spider (D)
  A blink frog (D)
  A tyrant leech (D)
  A hornet (D)
  A bog body (D)
  A slime creature (D)
  A snapping turtle (D)
  A water elemental (D)
  A shadow (D)
  2 tarantellas (D)
  3 yaks (D)
  A vampire mosquito (D)
  3 hell hounds (D)
  2 swamp drakes (D)
  2 crocodiles (D)
  2 bullfrogs (D)
  3 orc wizards (D)
  5 orc priests (D)
  An adder simulacrum (D)
  6 orcs (D)
  A bat zombie (D)
216 creatures vanquished.

Vanquished Creatures (others)
  A red draconian (D)
  A briar patch (D)
2 creatures vanquished.

Grand Total: 388 creatures vanquished

Notes
Turn   | Place    | Note
-------+----------+-------------------------------------------
     0 | D        | raistware the Ogre Fighter began the quest for the Orb.
     0 | D        | Reached XP level 1. HP: 24/24 MP: 1/1
    69 | D        | Noticed an orc wizard
    73 | D        | Killed an orc wizard
    73 | D        | Reached XP level 2. HP: 11/32 MP: 2/2
    73 | D        | Reached XP level 3. HP: 13/39 MP: 3/3
   106 | D        | Found a roughly hewn altar of Beogh.
   106 | D        | Found a snail-covered altar of Cheibriados.
   106 | D        | Found a shadowy altar of Dithmenos.
   106 | D        | Found a white marble altar of Elyvilon.
   106 | D        | Found a blossoming altar of Fedhas.
   106 | D        | Found an opulent altar of Gozag.
   107 | D        | Found a hazy altar of Hepliaklqana.
   108 | D        | Found a viscous altar of Jiyva.
   109 | D        | Found an ancient bone altar of Kikubaaqudgha.
   110 | D        | Found a corrupted altar of Lugonu.
   111 | D        | Found a burning altar of Makhleb.
   112 | D        | Found a sparkling altar of Nemelex Xobeh.
   113 | D        | Found an iron altar of Okawaru.
   114 | D        | Found a stormy altar of Qazlal.
   115 | D        | Found a sacrificial altar of Ru.
   116 | D        | Found a deep blue altar of Sif Muna.
   117 | D        | Found a bloodstained altar of Trog.
   118 | D        | Found a hide-covered altar of Uskayaw.
   119 | D        | Found a radiant altar of Vehumet.
   120 | D        | Found an ornate altar of the Wu Jian Council.
   121 | D        | Found a shimmering altar of Xom.
   122 | D        | Found a basalt altar of Yredelemnul.
   123 | D        | Found a glowing silver altar of Zin.
   124 | D        | Found a glowing golden altar of the Shining One.
   132 | D        | Became a worshipper of the Shining One
   267 | D        | Reached * piety under the Shining One
   267 | D        | Noticed a hungry ghost
   267 | D        | Reached ** piety under the Shining One
   267 | D        | Noticed a yak
   272 | D        | Killed a yak
   272 | D        | Reached skill level 7 in Fighting
   272 | D        | Reached XP level 4. HP: 35/55 MP: 4/4
   272 | D        | Reached XP level 5. HP: 39/62 MP: 5/5
   282 | D        | Killed a hungry ghost
   282 | D        | Reached skill level 8 in Fighting
   282 | D        | Reached skill level 5 in Dodging
   282 | D        | Reached XP level 6. HP: 47/74 MP: 6/6
   283 | D        | Reached skill level 10 in Maces & Flails
   289 | D        | Reached *** piety under the Shining One
   291 | D        | Reached skill level 9 in Fighting
   384 | D        | Noticed a skeletal warrior
   384 | D        | Reached **** piety under the Shining One
   384 | D        | Noticed a centaur warrior
   384 | D        | Noticed a centaur warrior
   387 | D        | Killed a centaur warrior
   387 | D        | Reached skill level 10 in Fighting
   387 | D        | Reached XP level 7. HP: 79/87 MP: 6/10
   387 | D        | Reached XP level 8. HP: 88/96 MP: 6/11
   392 | D        | Killed a centaur warrior
   392 | D        | Reached XP level 9. HP: 43/102 MP: 6/14
   393 | D        | Reached ***** piety under the Shining One
   397 | D        | The Shining One protects you from harm!
   412 | D        | Killed a skeletal warrior
   551 | D        | Noticed Harold
   619 | D        | Killed Harold
   790 | D        | Noticed a rime drake
   790 | D        | Noticed a black mamba
   794 | D        | Noticed an elephant
   797 | D        | Noticed a black mamba
   798 | D        | Killed a black mamba
   798 | D        | Reached skill level 10 in Dodging
   806 | D        | Noticed a spiny frog
   810 | D        | Reached XP level 10. HP: 46/111 MP: 4/17
   818 | D        | Killed an elephant
   818 | D        | Reached skill level 15 in Maces & Flails
   818 | D        | Reached skill level 10 in Invocations
   821 | D        | Killed a black mamba
   828 | D        | Killed a spiny frog
  1102 | D        | Noticed a spiny frog
  1109 | D        | Reached skill level 11 in Fighting
  1109 | D        | Reached skill level 1 in Armour
  1118 | D        | Killed a spiny frog
  1139 | D        | Noticed a death yak
  1139 | D        | Noticed a death yak
  1139 | D        | Reached ****** piety under the Shining One
  1139 | D        | Noticed a catoblepas
  1139 | D        | Noticed a death yak
  1146 | D        | Killed a death yak
  1204 | D        | Noticed a death yak
  1204 | D        | Noticed a death yak
  1204 | D        | Killed a catoblepas
  1212 | D        | Killed a death yak
  1212 | D        | Reached skill level 12 in Fighting
  1225 | D        | Killed a death yak
  1231 | D        | Killed a death yak
  1231 | D        | Reached XP level 11. HP: 40/124 MP: 6/19
  1236 | D        | Killed a death yak
  1523 | D        | Noticed Erolcha
  1541 | D        | Killed Erolcha
  1591 | D        | Noticed Josephine
  1599 | D        | Killed Josephine
  1599 | D        | Reached skill level 13 in Fighting
  1599 | D        | Reached skill level 5 in Armour
  1686 | D        | Noticed a stone giant
  1696 | D        | Killed a stone giant
  1781 | D        | Found Durchaot's Weapon Boutique.
  1781 | D        | Noticed an orc high priest
  1781 | D        | Noticed an orc high priest
  1781 | D        | Noticed an orc high priest
  1788 | D        | Killed an orc high priest
  1788 | D        | Reached skill level 14 in Fighting
  1798 | D        | Killed an orc high priest
  1803 | D        | Killed an orc high priest
  1804 | D        | Noticed an orc high priest
  1808 | D        | Noticed an orc high priest
  1811 | D        | Noticed an orc high priest
  1818 | D        | Killed an orc high priest
  1821 | D        | Killed an orc high priest
  1829 | D        | Killed an orc high priest
  1833 | D        | Found Ukaoch's Distillery.
  1841 | D        | Found Vahoisadgh's General Store.
  1845 | D        | Found Zekul's Weapon Shop.
  1847 | D        | Noticed an orc high priest
  1856 | D        | Killed an orc high priest
  1864 | D        | Noticed a sixfirhy
  1867 | D        | Noticed an orc high priest
  1884 | D        | Noticed a soul eater
  1884 | D        | Killed an orc high priest
  2039 | D        | Bought a potion of curing for 42 gold pieces
  2039 | D        | Bought a potion of agility for 56 gold pieces
  2039 | D        | Bought a potion of brilliance for 56 gold pieces
  2039 | D        | Bought a potion of curing for 42 gold pieces
  2039 | D        | Bought a potion of lignification for 42 gold pieces
  2044 | D        | Bought a potion of heal wounds for 50 gold pieces
  2044 | D        | Bought a scroll of magic mapping for 35 gold pieces
  2044 | D        | Bought a scroll of identify for 20 gold pieces
  2044 | D        | Bought a scroll of identify for 20 gold pieces
  2365 | D        | Noticed a four-headed hydra
  2365 | D        | Noticed a tengu warrior
  2365 | D        | Noticed an unseen horror
  2365 | D        | Noticed a brown ugly thing
  2365 | D        | Noticed a centaur warrior
  2371 | D        | Killed a centaur warrior
  2371 | D        | Reached XP level 12. HP: 140/140 MP: 14/21
  2375 | D        | Reached skill level 15 in Fighting
  2380 | D        | Noticed a two-headed ogre
  2383 | D        | Killed a tengu warrior
  2386 | D        | Noticed a great orb of eyes
  2387 | D        | Killed a four-headed hydra
  2392 | D        | Killed a two-headed ogre
  2398 | D        | Killed a great orb of eyes
  2406 | D        | Noticed an ettin
  2413 | D        | Killed an ettin
  2414 | D        | Noticed a tengu warrior
  2416 | D        | Noticed a stone giant
  2420 | D        | Noticed a fire giant
  2426 | D        | Killed a stone giant
  2436 | D        | Killed a fire giant
  2436 | D        | Reached skill level 16 in Fighting
  2449 | D        | Killed a tengu warrior
  2490 | D        | Noticed Snorg
  2500 | D        | Killed Snorg
  2562 | D        | Noticed a merfolk javelineer
  2562 | D        | Noticed an alligator snapping turtle
  2562 | D        | Noticed a merfolk aquamancer
  2580 | D        | Killed a merfolk aquamancer
  2600 | D        | Killed an alligator snapping turtle
  2617 | D        | Killed a merfolk javelineer
  2669 | D        | Reached skill level 17 in Fighting
  2999 | D        | Noticed a naga sharpshooter
  2999 | D        | Noticed a naga sharpshooter
  2999 | D        | Noticed a nagaraja
  2999 | D        | Noticed a shock serpent
  2999 | D        | Noticed a shock serpent
  3001 | D        | Killed a shock serpent
  3001 | D        | Reached skill level 10 in Armour
  3004 | D        | Killed a shock serpent
  3004 | D        | Reached XP level 13. HP: 64/157 MP: 6/22
  3013 | D        | Killed a nagaraja
  3356 | D        | Noticed a thorn hunter
  3365 | D        | Reached skill level 18 in Fighting
  3378 | D        | Killed a thorn hunter
  3433 | D        | Noticed Donald
  3442 | D        | Killed Donald
  3530 | D        | Noticed an ettin
  3530 | D        | Noticed a fire dragon
  3530 | D        | Noticed a fire dragon
  3530 | D        | Noticed a stone giant
  3530 | D        | Noticed a frost giant
  3542 | D        | Killed a frost giant
  3551 | D        | Killed a stone giant
  3557 | D        | Killed a fire dragon
  3557 | D        | Reached skill level 15 in Dodging
  3565 | D        | Killed a fire dragon
  3571 | D        | Noticed a fire dragon
  3586 | D        | Killed an ettin
  3592 | D        | Noticed a frost giant
  3595 | D        | Killed a fire dragon
  3603 | D        | Killed a frost giant
  3603 | D        | Reached skill level 19 in Fighting
  3669 | D        | Noticed a white very ugly thing
  3674 | D        | Noticed a yaktaur captain
  3676 | D        | Killed a white very ugly thing
  3724 | D        | Killed a yaktaur captain
  3917 | D        | Noticed a rakshasa
  3918 | D        | Noticed an ettin
  3920 | D        | Noticed a stone giant
  3927 | D        | Killed a rakshasa
  3932 | D        | Killed an ettin
  3945 | D        | Killed a stone giant
  3960 | D        | Noticed an ironheart preserver
  3963 | D        | Noticed an ogre mage
  3976 | D        | Noticed an ice dragon
  4000 | D        | Killed an ironheart preserver
  4000 | D        | Reached skill level 20 in Fighting
  4004 | D        | Noticed a yaktaur captain
  4004 | D        | Killed an ogre mage
  4004 | D        | Reached XP level 14. HP: 89/175 MP: 15/23
  4027 | D        | Noticed a stone giant
  4039 | D        | Noticed a stone giant
  4039 | D        | Killed a stone giant
  4048 | D        | Killed a stone giant
  4050 | D        | Noticed a stone giant
  4058 | D        | Killed a stone giant
  4147 | D        | Noticed Margery
  4166 | D        | Killed Margery
  4169 | D        | Reached skill level 21 in Fighting
  4189 | D        | Identified a giant spiked club of holy wrath (a giant spiked club blessed by the Shining One)
  4189 | D        | Received a gift from the Shining One
  4412 | D        | Noticed Mennas
  4438 | D        | Killed Mennas
  4449 | D        | Noticed Sojobo
  4453 | D        | Noticed a tengu reaver
  4471 | D        | Killed Sojobo
  4475 | D        | Noticed a tengu reaver
  4477 | D        | Killed a tengu reaver
  4486 | D        | Killed a tengu reaver
  4556 | D        | Noticed Ilsuiw
  4570 | D        | Killed Ilsuiw
  4588 | D        | Reached skill level 22 in Fighting
  4651 | D        | Got a barnacled rune of Zot
  4658 | D        | Noticed an emperor scorpion
  4658 | D        | Noticed an emperor scorpion
  4659 | D        | Reached skill level 5 in Long Blades
  4670 | D        | Killed an emperor scorpion
  4674 | D        | Noticed a ghost moth
  4674 | D        | Killed an emperor scorpion
  4674 | D        | Reached XP level 15. HP: 132/192 MP: 20/24
  4684 | D        | Killed a ghost moth
  4685 | D        | Noticed an emperor scorpion
  4703 | D        | Killed an emperor scorpion
  4783 | D        | Got a gossamer rune of Zot
  4791 | D        | Noticed a nagaraja
  4797 | D        | Noticed a nagaraja
  4802 | D        | Killed a nagaraja
  4813 | D        | Noticed a nagaraja
  4814 | D        | Killed a nagaraja
  4823 | D        | Noticed a nagaraja
  4824 | D        | Killed a nagaraja
  4828 | D        | Noticed a nagaraja
  4833 | D        | Killed a nagaraja
  4833 | D        | Reached skill level 23 in Fighting
  4841 | D        | Killed a nagaraja
  4892 | D        | Got a serpentine rune of Zot
  4902 | D        | Reached skill level 15 in Armour
  4945 | D        | Got a decaying rune of Zot
  5035 | D        | Noticed Aizul
  5049 | D        | Killed Aizul
  5065 | D        | Noticed Mara
  5072 | D        | Noticed raistware's illusion
  5108 | D        | Killed Mara
  5108 | D        | Reached skill level 24 in Fighting
  5134 | D        | Noticed Nikola
  5135 | D        | Noticed Azrael
  5139 | D        | Killed Nikola
  5139 | D        | Reached skill level 10 in Long Blades
  5145 | D        | Killed Azrael
  5279 | D        | Reached XP level 16. HP: 188/209 MP: 25/25
  5327 | D        | Reached skill level 25 in Fighting
  5360 | D        | Reached skill level 5 in Shields
  5442 | D        | Noticed a shadow dragon
  5472 | D        | Killed a shadow dragon
  5511 | D        | Noticed a sphinx
  5512 | D        | Noticed a shadow dragon
  5514 | D        | Killed a sphinx
  5528 | D        | Killed a shadow dragon
  5533 | D        | Noticed a shadow dragon
  5564 | D        | Killed a shadow dragon
  5620 | D        | Noticed a shadow dragon
  5620 | D        | Noticed a titan
  5620 | D        | Noticed a shadow dragon
  5629 | D        | Reached skill level 1 in Evocations
  5646 | D        | Killed a shadow dragon
  5664 | D        | Killed a titan
  5672 | D        | Noticed a shadow dragon
  5677 | D        | Killed a shadow dragon
  5696 | D        | Noticed a lich
  5708 | D        | Killed a shadow dragon
  5715 | D        | Killed a lich
  5746 | D        | Got a silver rune of Zot
  5807 | D        | Noticed Frederick
  5819 | D        | Killed Frederick
  5819 | D        | Reached skill level 26 in Fighting
  5847 | D        | Got the ring "Zaowk" {Ice rN++ Str+5 Dex-3}
  5849 | D        | Got the ring of the Shining Light {rCorr rN+}
  5851 | D        | Got the ring "Haoll" {rCorr rN+ Stlth+}
  5855 | D        | Got the ring of Kigrit {rElec rPois MR- Str+3 Dex+4}
  5981 | D        | Noticed Xtahua
  6009 | D        | Killed Xtahua
  6040 | D        | Noticed Boris
  6048 | D        | Killed Boris
  6048 | D        | Reached skill level 5 in Evocations
  6119 | D        | Reached XP level 17. HP: 100/224 MP: 3/27
  6123 | D        | Reached skill level 10 in Shields
  6274 | D        | Noticed a golden dragon
  6315 | D        | Killed a golden dragon
  6319 | D        | Reached skill level 27 in Fighting
  6319 | D        | Reached skill level 15 in Invocations
  6422 | D        | Noticed a tentacled monstrosity
  6422 | D        | Noticed a quicksilver dragon
  6422 | D        | Noticed a golden dragon
  6431 | D        | Killed a golden dragon
  6440 | D        | Killed a tentacled monstrosity
  6450 | D        | Killed a quicksilver dragon
  6517 | D        | Noticed a tentacled monstrosity
  6524 | D        | Killed a tentacled monstrosity
  6730 | D        | Reached skill level 10 in Evocations
  6830 | D        | Noticed a curse toe
  6830 | D        | Noticed a tentacled monstrosity
  6837 | D        | Killed a tentacled monstrosity
  6845 | D        | Killed a curse toe
  7050 | D        | Noticed an Orb Guardian
  7050 | D        | Noticed an Orb Guardian
  7050 | D        | Noticed an Orb Guardian
  7050 | D        | Noticed an Orb Guardian
  7050 | D        | Noticed an Orb Guardian
  7050 | D        | Noticed an Orb Guardian
  7062 | D        | Killed an Orb Guardian
  7069 | D        | Killed an Orb Guardian
  7076 | D        | Killed an Orb Guardian
  7084 | D        | Killed an Orb Guardian
  7096 | D        | Killed an Orb Guardian
  7096 | D        | Reached XP level 18. HP: 202/236 MP: 21/30
  7109 | D        | Killed an Orb Guardian
  7112 | D        | Noticed an Orb Guardian
  7113 | D        | Noticed an Orb Guardian
  7114 | D        | Noticed an Orb Guardian
  7115 | D        | Noticed an Orb Guardian
  7125 | D        | Killed an Orb Guardian
  7134 | D        | Killed an Orb Guardian
  7139 | D        | Killed an Orb Guardian
  7144 | D        | Killed an Orb Guardian
  7153 | D        | Noticed an Orb Guardian
  7153 | D        | Noticed an Orb Guardian
  7153 | D        | Noticed a curse toe
  7154 | D        | Noticed an Orb Guardian
  7155 | D        | Noticed an Orb Guardian
  7161 | D        | Killed a curse toe
  7178 | D        | Killed an Orb Guardian
  7184 | D        | Killed an Orb Guardian
  7205 | D        | Killed an Orb Guardian
  7223 | D        | Killed an Orb Guardian
  7318 | D        | Noticed an ancient lich
  7325 | D        | Killed an ancient lich
  7325 | D        | Reached skill level 15 in Shields
  7337 | D        | Noticed an orb of fire
  7355 | D        | Killed an orb of fire
  7401 | D        | Noticed an electric golem
  7416 | D        | Killed an electric golem
  7466 | D        | Noticed an electric golem
  7466 | D        | Noticed an electric golem
  7466 | D        | Noticed a Killer Klown
  7466 | D        | Noticed a curse toe
  7466 | D        | Noticed a golden dragon
  7476 | D        | Killed a golden dragon
  7480 | D        | Killed a Killer Klown
  7485 | D        | Killed from afar by an electric golem

Skill      XL: |  1  2  3  4  5  6  7  8  9 10 11 12 13 14 15 16 17 18 |
---------------+-------------------------------------------------------+-----
Maces & Flails | 6 8 9 11 12 14 16 17 18 19 20 22 | 22.0
Fighting       | 7 8 10 12 14 17 20 22 24 26 27 | 27.0
Dodging        | 4 5 7 8 10 12 14 16 17 19 21 24 26 | 26.3
Invocations    | 4 6 9 11 12 14 17 20 | 20.0
Armour         | 3 7 10 12 14 16 17 19 20 | 20.6
Long Blades    | 5 11 12 | 12.0
Shields        | 9 13 15 | 15.3
Evocations     | 6 11 13 | 13.7

Action                   |  1- 3 |  4- 6 |  7- 9 | 10-12 | 13-15 | 16-18 || total
-------------------------+-------+-------+-------+-------+-------+-------++-------
Melee: Flail             |    37 |       |       |       |       |       ||    37
       Morningstar       |     5 |    19 |    35 |   119 |    47 |       ||   225
       Giant spiked club |       |       |       |       |   105 |   130 ||   235
       Eudemon blade     |       |       |       |       |       |   287 ||   287
Invok: Summon Divine War |       |       |     2 |    14 |    31 |    38 ||    85
       Cleansing Flame   |       |       |     1 |       |     2 |     2 ||     5
       Divine Shield     |       |       |       |       |     1 |       ||     1
       Brand Weapon With |       |       |       |       |     1 |       ||     1
Evoke: Wand              |       |       |       |       |     6 |       ||     6
  Use: Potion            |     3 |     2 |     2 |     3 |     7 |    10 ||    27
       Scroll            |       |       |     1 |     2 |     3 |    11 ||    17
  Eat: Chunk             |       |     1 |     1 |    10 |    12 |    10 ||    34
       Ration            |       |       |       |       |     1 |     2 ||     3
Armor: Robe              |     8 |     1 |     1 |    16 |     2 |     3 ||    31
       Troll leather arm |       |       |       |       |    23 |    31 ||    54
Dodge: Dodged            |     8 |     2 |    12 |    50 |   112 |   142 ||   326
Block: Shield            |    17 |     7 |    10 |    40 |    23 |       ||    97
       Large shield      |       |       |       |       |       |   166 ||   166
       Rpst.: Eudemon blade |       |       |       |       |       |     9 ||     9
